AoeStats
← w71km26es1

African Clearing

505641365Analyzed
4v4 RM · 20d ago on Sep 10, 2026· 49m 47s· 8 players
Game mode
Random Map
Map size
Large (8 player)
Population
200
Speed
Normal
Resources
Standard
Victory
Conquest
Starting age
Dark Age
Ending age
Imperial Age
RankedLock teamsTeams togetherTeam positionsShared explorationLock speedFull tech treeHidden civsTurbo modeCheats
Victory
Defeat
🇹🇷 Poles · Türkiye
889
+16
🇹🇼 Mongols · Taiwan
872
+16
🇹🇼 Poles · Taiwan
872
+16
🇹🇼 Wei · Taiwan
831
+17
🇭🇰 Turks · Hong Kong SAR China
925
-18
🇭🇰 Burgundians · Hong Kong SAR China
918
-18
🇦🇺 Franks · Australia
851
-15
🇨🇳 Teutons · China
821
-14
3345678
7:06 Loom
14:02 Feudal Age
18:58 Horse Collar
21:25 Castle Age
23:08 Wheelbarrow
22:17 Horse Collar
27:28 Double-Bit Axe
29:22 Forging
29:18 Scale Barding Armor
32:33 Imperial Age
30:23 Hand Cart
29:54 Town Watch
30:01 Gold Mining
30:31 Bloodlines
29:41 Light Cavalry
30:54 Bow Saw
31:05 Heavy Plow
30:55 Pikeman
32:33 Husbandry
35:19 Crop Rotation
36:20 Squires
36:05 Arson
36:59 Iron Casting
39:16 Cavalier
41:41 Winged Hussar
你行Nissan阿
12:55 Loom
18:05 Feudal Age
27:03 Castle Age
25:08 Horse Collar
25:15 Double-Bit Axe
29:57 Wheelbarrow
32:49 Bow Saw
36:18 Husbandry
38:33 Bloodlines
39:41 Heavy Plow
39:58 Murder Holes
39:54 Heated Shot
40:25 Ballistics
41:03 Hand Cart
45:12 Imperial Age
45:51 Fortified Wall
49:30 Chemistry
47:57 Heavy Hei Guang Cavalry
48:55 Fletching
49:05 Padded Archer Armor
49:16 Forging
49:12 Scale Barding Armor
49:11 Gold Mining
49:11 Stone Mining
49:48 Bodkin Arrow
羅賓不流汗
5:01 Loom
15:32 Feudal Age
16:02 Double-Bit Axe
18:54 Man-at-Arms
25:59 Castle Age
28:21 Thumb Ring
27:40 Crossbowman
28:49 Bow Saw
28:24 Horse Collar
30:37 Pikeman
31:17 Squires
31:03 Arson
31:40 Elite Skirmisher
33:39 Fletching
37:27 Ballistics
37:16 Nomads
43:48 Imperial Age
42:35 Wheelbarrow
42:04 Heavy Plow
44:16 Hand Cart
44:04 Bodkin Arrow
44:10 Padded Archer Armor
44:17 Scale Barding Armor
45:01 Conscription
45:00 Elite Mangudai
46:15 Leather Archer Armor
48:18 Chemistry
w71km26es1
5:24 Loom
16:54 Feudal Age
17:22 Double-Bit Axe
17:26 Horse Collar
23:10 Castle Age
21:22 Gold Mining
24:17 Bow Saw
23:47 Light Cavalry
24:27 Husbandry
24:37 Heavy Plow
25:25 Stone Mining
27:15 Stone Shaft Mining
29:15 Wheelbarrow
30:41 Hand Cart
31:19 Town Watch
35:41 Imperial Age
33:49 Bloodlines
33:49 Scale Mail Armor
34:39 Scale Barding Armor
34:45 Forging
35:02 Pikeman
35:43 Squires
35:29 Arson
36:04 Chain Mail Armor
37:13 Crop Rotation
37:15 Conscription
38:32 Plate Mail Armor
41:15 Chain Barding Armor
42:26 Iron Casting
43:37 Lechitic Legacy
45:13 Blast Furnace
46:32 Town Patrol
49:45 Winged Hussar
myhoneyee
13:26 Feudal Age
21:44 Castle Age
20:03 Horse Collar
20:11 Double-Bit Axe
25:24 Pikeman
27:51 Wheelbarrow
30:38 Heavy Plow
36:19 Imperial Age
42:35 Scale Barding Armor
43:19 Halberdier
44:10 Gold Mining
45:00 Bow Saw
46:27 Chain Barding Armor
46:18 Forging
46:09 Scale Mail Armor
usless@AOE2
17:08 Feudal Age
18:34 Wheelbarrow
17:48 Double-Bit Axe
17:55 Stone Mining
18:01 Gold Mining
25:17 Castle Age
26:11 Loom
27:44 Forging
27:40 Scale Barding Armor
27:38 Caravan
27:57 Husbandry
29:35 Hand Cart
31:59 Iron Casting
32:12 Bow Saw
32:46 Town Watch
34:11 Chain Barding Armor
42:05 Imperial Age
42:11 Cavalier
44:28 Paladin
46:11 Blast Furnace
45:47 Plate Barding Armor
三声三石
6:10 Loom
15:01 Feudal Age
19:40 Castle Age
32:38 Scale Mail Armor
33:08 Horse Collar
35:08 Pikeman
35:53 Squires
36:20 Double-Bit Axe
36:39 Heavy Plow
40:25 Chain Mail Armor
40:21 Forging
48:03 Imperial Age
mytristan1122
14:37 Feudal Age
18:36 Castle Age
18:33 Horse Collar
20:09 Double-Bit Axe
26:41 Loom
37:03 Imperial Age
35:21 Wheelbarrow
35:41 Bow Saw
35:49 Heavy Plow
35:56 Scale Barding Armor
39:22 Conscription
39:43 Chain Barding Armor
39:37 Husbandry
42:00 Sipahi
41:54 Heavy Camel Rider
45:15 Scale Mail Armor
46:02 Gold Mining
46:02 Stone Mining
47:05 Forging
47:34 Fortified Wall
49:13 Gold Shaft Mining
48:28 Stone Mining
Connection lost

Rejoining the realm…

Still unreachable

The connection could not be restored.

Session expired

The server has moved on; the page needs a fresh start.